 Dungeon Crawl Stone Soup version 0.30.1-4-g462c640d31 (webtiles) character file.

Game seed: 8420433303078062369

394 Babbit the Chopper (level 6, -1/84 HPs)
             Began as a Minotaur Fighter on Sept 18, 2023.
             Succumbed to a scorpion's poison
             ... on level 3 of the Dungeon.
             The game lasted 00:06:06 (2439 turns).

Babbit the Chopper (Minotaur Fighter)               Turns: 2439, Time: 00:06:07

Health: -1/84      AC:  8    Str: 22    XL:     6   Next: 52%
Magic:  5/5        EV:  9    Int:  5    God:
Gold:   119        SH:  8    Dex: 10    Spells: 5/5 levels left

rFire   . . .        a - +0 war axe
rCold   . . .        l - +0 kite shield
rNeg    . . .        b - +0 scale mail
rPois   .            h - +0 hat
rElec   .            (no cloak)
rCorr   .            (no gloves)
SInv    .            r - +0 pair of boots
Will    .....        (no amulet) Stlth
                     m - ring of flight
HPRegen 0.34/turn    (no ring)
MPRegen 0.09/turn

%: no passive effects
@: berserking, lethally poisoned (-1 -> -12), flying, very quick
A: horns 2, retaliatory headbutt
a: no special abilities


You were on level 3 of the Dungeon.
You visited 1 branch of the dungeon, and saw 4 of its levels.

You collected 119 gold pieces.

Inventory:

Hand Weapons
 a - a +0 war axe (weapon)
Missiles
 o - 5 curare-tipped darts (quivered)
 u - a throwing net
Armour
 b - a +0 scale mail (worn)
 h - a +0 hat (worn)
 l - a +0 kite shield (worn)
 r - a +0 pair of boots (worn)
Jewellery
 m - a ring of flight (left hand)
Scrolls
 c - a scroll of teleportation {unknown}
 e - a scroll of fog {unknown}
 f - 2 scrolls of torment {unknown}
 i - a scroll of noise {unknown}
 n - a scroll of poison
 q - 2 scrolls of vulnerability {unknown}
 s - a scroll of identify {unknown}
 t - a scroll of magic mapping {unknown}
Potions
 d - a potion of berserk rage
 g - 2 potions of heal wounds {unknown}
 j - a potion of curing {unknown}
 k - 2 potions of flight {unknown}
 p - a potion of attraction {unknown}


   Skills:
 + Level 5.1 Fighting
 + Level 5.6 Axes
 + Level 0.1 Throwing
 + Level 5.1 Armour
 + Level 1.2 Dodging
 + Level 0.3 Stealth
 + Level 4.5 Shields


You had 5 spell levels left.
You didn't know any spells.
Your spell library was empty.

Dungeon Overview and Level Annotations

Branches:
Dungeon (4/15)
 Temple: D:4-7

Altars:
Elyvilon
Kikubaaqudgha
Trog


Innate Abilities, Weirdness & Mutations

You have a pair of horns on your head.
You reflexively headbutt those who attack you in melee.


Message History

Okay, then.
You closely miss the adder. You headbutt the adder.
You kill the adder!
You closely miss the adder. You hit the ufetubus.
You kill the ufetubus!
You closely miss the scorpion.
You feel sick. The adder bites you but does no damage. The scorpion stings you.
* * * LOW HITPOINT WARNING * * *
The adder barely misses you. The scorpion stings you.
* * * LOW HITPOINT WARNING * * *
You are lethally poisoned!
The scorpion poisons you!
You barely miss the scorpion.
The scorpion is severely wounded.
You closely miss the adder.
* * * LOW HITPOINT WARNING * * *
You feel very sick. The adder bites you but does no damage.
You block the scorpion's attack. You block the adder's attack.
The scorpion stings you.
* * * LOW HITPOINT WARNING * * *
You are more poisoned.
The scorpion poisons you!
It was a potion of berserk rage.
A red film seems to cover your vision as you go berserk!
You feel yourself moving faster!
You feel mighty!
* * * LOW HITPOINT WARNING * * *
You feel very sick. The adder closely misses you. You furiously retaliate!
You headbutt the adder! You block the scorpion's attack.
You barely miss the scorpion. Your headbutt misses the scorpion.
The scorpion is severely wounded.
You barely miss the adder.
* * * LOW HITPOINT WARNING * * *
You feel very sick. You block the adder's attack.
The scorpion closely misses you. You furiously retaliate!
You headbutt the scorpion!
You kill the scorpion!
You slash the adder!
You kill the adder!
You die...

########## #.#.# #........# #.#.#
#.######.# #.#.# #.# #.# #.#.#
#.# #.# #.#.# ######.# #.####
#.#.# .......# #.##.# #.#.#####
.......######.##.# #.#<...)##
...............†@# ####.##.#....
.......######....####...).....#.#
.......######........#..)##...#.#
................####.######.###.#
......######...## #...###..#....
......# #..### #.####...#####
......# #.## #.#......~≈≈≈≈
......# ###.# ####.#.###..#####
......###...# #......#....#....


There were no monsters in sight!

Vanquished Creatures
  Sigmund (D:2)
  A scorpion (D:3)
  An orc priest (D:3)
  Natasha (thrice) (D:3)
  2 adders (D:3)
  An ufetubus (D:3)
  2 dart slugs (D:3)
  5 orcs (D:3)
  2 bats
  4 endoplasms
  5 giant cockroaches (D:1)
  3 goblins
  3 hobgoblins
  2 jackals (D:1)
  9 kobolds
  4 quokkas
  2 ball pythons
  3 frilled lizards
  A rat (D:1)
54 creatures vanquished.

Notes
Turn   | Place    | Note
-------+----------+-------------------------------------------
     0 | D:1      | Babbit the Minotaur Fighter began the quest for the Orb.
     0 | D:1      | Reached XP level 1. HP: 19/19 MP: 0/0
   130 | D:1      | Reached XP level 2. HP: 27/27 MP: 1/1
   592 | D:1      | Reached XP level 3. HP: 29/33 MP: 2/2
  1225 | D:2      | Noticed Sigmund
  1233 | D:2      | Killed Sigmund
  1234 | D:2      | Reached XP level 4. HP: 31/41 MP: 3/3
  1234 | D:2      | Reached XP level 5. HP: 35/47 MP: 4/4
  1330 | D:3      | Noticed Natasha
  1345 | D:3      | Killed Natasha
  1346 | D:3      | Reached skill level 5 in Axes
  1592 | D:3      | Noticed Natasha
  1597 | D:3      | Killed Natasha
  1609 | D:3      | Found a bloodstained altar of Trog.
  1609 | D:3      | Found a white marble altar of Elyvilon.
  1610 | D:3      | Found an ancient bone altar of Kikubaaqudgha.
  1683 | D:3      | Noticed Natasha
  1694 | D:3      | Killed Natasha
  1695 | D:3      | Reached skill level 1 in Dodging
  1695 | D:3      | Reached XP level 6. HP: 18/55 MP: 5/5
  1885 | D:3      | Reached skill level 5 in Fighting
  2018 | D:3      | Reached skill level 5 in Armour
  2438 | D:3      | HP: 2/84 [poisoned by a scorpion]
  2439 | D:3      | Succumbed to a scorpion's poison

Illustrated notes

Levels and vault maps discovered:
D:1:      sevenhm_arrival_forest_fort_large_2, layout_basic, st_stairs_5
D:2:      layout_rooms, hex_medium, hex_large, grunt_decor_one_mirror,
          uniq_sigmund
D:3:      layout_basic, gammafunk_temple_overflow_claw, grunt_decor_cap,
          uniq_natasha
D:4:      layout_gridville, nicolae_ossuary_entry_catacombs,
          hangedman_decor_points, minmay_fractal_squares_5

Skill      XL: |  1  2  3  4  5  6 |
---------------+-------------------+-----
Armour         | 4 5 |  5.1
Shields        | 4 |  4.5
Fighting       | 4 5 |  5.1
Axes           | 4 5 |  5.6
Dodging        | 1 |  1.2
Throwing       | |  0.1
Stealth        | |  0.3

Action                     |  1- 3 |  4- 6 || total
---------------------------+-------+-------++-------
  Melee: War axe           |    57 |    60 ||   117
         Headbutt          |     4 |     9 ||    13
  Throw: Dart              |       |     3 ||     3
    Use: Potion            |       |     2 ||     2
         Scroll            |       |     1 ||     1
 Armour: Scale mail        |    22 |    41 ||    63
  Dodge: Dodged            |    24 |    49 ||    73
  Block: Buckler           |     8 |       ||     8
         Kite shield       |     6 |    50 ||    56
